 Dungeon Crawl Stone Soup version 0.29.1-2-gbd0b4ee654 (webtiles) character file.

Game seed: 12467510725356826475

112 raph the Grave Robber (level 5, -4/35 HPs)
             Began as a Human Necromancer on Nov 30, 2022.
             Killed from afar by an orc wizard (8 damage)
             ... with a magic dart
             ... on level 3 of the Dungeon.
             The game lasted 00:04:01 (2650 turns).

raph the Grave Robber (Human Necromancer)           Turns: 2650, Time: 00:04:01

Health: -4/35      AC:  2    Str:  8    XL:     5   Next: 16%
Magic:  0/8        EV: 12    Int: 18    God:
Gold:   146        SH:  0    Dex: 13    Spells: 4/8 levels left

rFire   . . .      SeeInvis .   m - +1 spear (venom)
rCold   . . .      Faith    .   (no shield)
rNeg    . . .      Spirit   .   a - +0 robe
rPois   .          Reflect  .   (no helmet)
rElec   .          Harm     .   (no cloak)
rCorr   .          Rampage  .   (no gloves)
Will    .....                   (no boots)
Stlth   ++........              (no amulet)
HPRegen 0.11/turn               (no ring)
MPRegen 0.11/turn               (no ring)

@: mighty
A: no striking features
a: no special abilities


You were on level 3 of the Dungeon.
You visited 1 branch of the dungeon, and saw 4 of its levels.

You collected 146 gold pieces.

Inventory:

Hand Weapons
 c - a +0 whip of protection
 m - a +1 spear of venom (weapon)
Missiles
 j - 5 curare-tipped darts
 o - 6 boomerangs
Armour
 a - a +0 robe (worn)
Magical Staves
 k - a staff of earth
Scrolls
 d - a scroll of torment
 e - a scroll of magic mapping
Potions
 b - 2 potions of magic


   Skills:
 - Level 2.0 Dodging
 - Level 2.0 Stealth
 - Level 2.0 Spellcasting
 + Level 6.1 Necromancy


You had 4 spell levels left.
You knew the following spells:

 Your Spells              Type           Power      Damage    Failure   Level
a - Necrotise             Necr           92%        1d8       1%          1
b - Vampiric Draining     Necr           23%        2d7       4%          3

Your spell library contained the following spells:

 Spells                   Type           Power      Damage    Failure   Level
 Animate Dead             Necr           23%        N/A       14%         4
 Passage of Golubria      Tloc           1%         N/A       87%         4
 Agony                    Necr           23%        N/A       38%         5
 Silence                  Hex/Air        0%         N/A       99%         5
 Lehudib's Crystal Spear  Conj/Erth      0%         10d2      100%        8


Dungeon Overview and Level Annotations

Branches:
Dungeon (4/15)
 Temple: D:4-7

Altars:

Annotations:
D:3 Grinder


Message History

Your orc skeleton barely misses the iguana.
You hit the iguana.
The iguana is almost dead.
The iguana bites you.
Your orc skeleton barely misses the iguana.
You hit the iguana.
You kill the iguana!
The orc priest miscasts a cantrip.
Your orc skeleton closely misses something.
Your Necromancy skill increases to level 6!
You have reached level 5!
Something hits you.
Your orc skeleton closely misses something.
You climb upwards.
Level annotation: Grinder Reactivating autopickup.
There is a stone staircase leading down here.
You start resting.
Something hits you.
Deactivating autopickup; reactivate with Ctrl-A.
There is a strange disturbance nearby!
There is a strange disturbance nearby!
You completely miss something. Something hits you.
* * * LOW HITPOINT WARNING * * *
You barely miss something. Something hits you.
* * * LOW HITPOINT WARNING * * *
Casting: Necrotise (safe; 1% risk of failure)
Confirm with . or Enter, or press ? or * to list all spells.
Aiming: Necrotise (safe; 1% risk of failure)
Press: ? - help, Shift-Dir - straight line Nothing appears to happen.
Something hits you.
* * * LOW HITPOINT WARNING * * *
It was a potion of might.
You feel very mighty all of a sudden. Something hits you.
* * * LOW HITPOINT WARNING * * *
You miss something.
You hear some strange, mumbled words.
A magic dart appears from out of thin air!
The magic dart hits you!
You die...

######### #########
#.......# #....@{.#
##.#####.# #.#####.#
##.#####.###.#####.#
##.##......<.<..##.#
##.##.##.###.##.##.#
Z.Z...##.# #.......#
##.......# ####.####
########## #.# #
#.##


There were no monsters in sight!

Vanquished Creatures
  An iguana (D:4)
  3 adders
  2 orcs (D:4)
  10 ball pythons
  5 endoplasms
  2 giant cockroaches
  8 goblins
  3 hobgoblins
  5 jackals (D:2)
  2 kobolds (D:1)
  A quokka (D:2)
  6 bats
  2 frilled lizards (D:2)
  5 rats
55 creatures vanquished.

Notes
Turn   | Place    | Note
-------+----------+-------------------------------------------
     0 | D:1      | raph the Human Necromancer began the quest for the Orb.
     0 | D:1      | Reached XP level 1. HP: 13/13 MP: 3/3
   126 | D:1      | Reached XP level 2. HP: 19/19 MP: 0/5
   397 | D:1      | Found a faded altar of an unknown god.
   818 | D:1      | Reached XP level 3. HP: 24/24 MP: 1/6
   823 | D:1      | Learned a level 3 spell: Vampiric Draining
  1179 | D:2      | Reached skill level 5 in Necromancy
  1639 | D:2      | Reached XP level 4. HP: 30/30 MP: 0/7
  2366 | D:3      | Noticed Grinder
  2643 | D:4      | Reached skill level 6 in Necromancy
  2643 | D:4      | Reached XP level 5. HP: 17/35 MP: 0/8
  2650 | D:3      | Killed from afar by an orc wizard

Illustrated notes

Levels and vault maps discovered:
D:1:      pf_arrival_petrified_forest, layout_loops_ring,
          chequers_ecumenical_altar_simple_redux, minmay_circled_x
D:2:      layout_basic, minmay_misc_feat_hallway, chequers_decorated_corner,
          kennysheep_generic_room_7
D:3:      layout_loops_cross, uniq_grinder
D:4:      layout_loops_ring, minmay_temple_entry_slanted,
          ebering_ghost_inner_flame, minmay_shop_grid_forest,
          corexii_hall_statues_x, st_stairs_4, kennysheep_nub,
          grunt_ministairs_9

Skill      XL: |  1  2  3  4 |
---------------+-------------+-----
Necromancy     | 5 6 |  6.1
Dodging        | |  2.0
Stealth        | |  2.0
Spellcasting   | |  2.0

Action                   |  1- 3 |  4- 6 || total
-------------------------+-------+-------++-------
Melee: Unarmed           |     2 |       ||     2
       Whip              |    19 |       ||    19
       Spear             |     2 |    15 ||    17
       Punch             |     1 |       ||     1
 Cast: Necrotise         |    55 |    23 ||    78
       Vampiric Draining |     1 |       ||     1
  Use: Scroll            |       |     7 ||     7
       Potion            |       |     1 ||     1
 Stab: Sleeping          |     1 |       ||     1
Armor: Robe              |     4 |     2 ||     6
Dodge: Dodged            |    19 |     9 ||    28
